Map: Lightshade LE

Players

MarineLorD - Winner!

  • Race: Terran Terran
  • League: Master
  • Spawn Location: 11:00

Krystianer

  • Race: Protoss Protoss
  • League: Grandmaster
  • Spawn Location: 5:00

Event: DreamHack SC2 Masters 2020 Winter

VOD

Have the link to the VOD?

Description

Time

  • Played on: Oct. 22, 2020, 11:12 a.m.
  • Length: 9:50

All games in this series

Show
View Real Time Build Order
Export as new Build Order

MarineLorD Terran - Winner!

Build Orders: 1/1/1 

Get SALT Encoding   

  12  0:00  SCV  
  13  0:12  SCV  
  14  0:17  Supply Depot  
  14  0:24  SCV  
  15  0:29  Refinery  
  15  0:38  SCV  
  16  0:45  Barracks  
  16  0:50  SCV  
  17  1:02  Engineering Bay  
  17  1:06  SCV  
  18  1:18  SCV  
  19  1:32  Marine  
  20  1:33  Orbital Command  
  20  1:35  Factory  
  20  1:46  Supply Depot  
  20  1:50  Barracks Reactor  
  20  1:59  SCV  
  21  2:11  SCV  
  22  2:17  Supply Depot  
  22  2:23  SCV  
  22  2:26  Starport  
  23  2:31  Hellion x2  
  23  2:35  SCV  
  28  2:47  Command Center  
  28  2:50  SCV  
  29  3:02  SCV, Hellion  
  29  3:03  Hellion  
  34  3:08  Medivac  
  36  3:14  SCV  
  36  3:19  Supply Depot  
  37  3:26  SCV  
  38  3:31  Factory Tech Lab  
  38  3:32  Refinery  
  38  3:34  Marine  
  38  3:41  SCV, Marine  
  41  3:52  Marine  
  41  3:53  SCV, Cyclone  
  46  3:58  Marine  
  45  4:03  Orbital Command  
  45  4:10  Marine  
  45  4:16  Marine  
  43  4:19  SCV  
  44  4:24  Barracks  
  44  4:25  Siege Tank  
  44  4:27  Marine  
  44  4:30  SCV  
  49  4:32  SCV  
  49  4:34  Marine  
  49  4:37  Starport Reactor  
  51  4:43  SCV  
  51  4:44  SCV  
  51  4:45  Barracks  
  53  4:48  Supply Depot, Marine  
  53  4:52  Marine  
  55  4:53  Supply Depot  
  55  4:56  SCV x2  
  57  5:04  Siege Tank  
  60  5:09  SCV x2  
  60  5:11  Refinery  
  62  5:14  Barracks Tech Lab  
  62  5:15  Marine x2  
  62  5:19  Viking  
  66  5:21  SCV  
  66  5:22  SCV  
  66  5:26  Viking  
  70  5:33  Barracks Tech Lab  
  70  5:34  SCV x2  
  70  5:35  Marine  
  73  5:39  Refinery  
  73  5:42  Engineering Bay  
  73  5:46  SCV x2  
  73  5:47  Supply Depot  
  73  5:49  Stimpack  
  75  5:53  Supply Depot  
  74  5:58  SCV x2  
  76  6:10  SCV x2  
  78  6:17  Combat Shield, Marauder x2, Marine x2  
  84  6:20  Terran Infantry Weapons Level 1  
  86  6:27  Siege Tank  
  86  6:29  Supply Depot  
  86  6:32  Supply Depot  
  87  6:33  Supply Depot  
  87  6:35  Supply Depot  
  87  6:36  Marine  
  87  6:38  Marauder x2  
  92  6:46  Supply Depot  
  90  6:50  Marine  
  90  6:53  Medivac x2, Marine  
  96  7:00  Marauder x2  
  96  7:01  Supply Depot  
  100  7:07  Marine  
  101  7:11  Marine  
  102  7:21  Marauder x2  
  106  7:23  Command Center  
  106  7:25  Medivac  
  106  7:27  Marine  
  109  7:31  SCV x2  
  109  7:35  Concussive Shells  
  111  7:40  Barracks x2  
  111  7:43  Medivac, Marauder x2  
  117  7:47  Marine x2  
  119  8:04  Marauder x2  
  119  8:05  Marine  
  109  8:06  Marine  
  109  8:08  SCV x2  
  101  8:20  SCV x2  
  101  8:23  Marine  
  101  8:25  Marauder x2  
  101  8:26  Marine  
  107  8:28  Liberator, Siege Tank  
  107  8:31  Liberator  
  107  8:32  SCV x2  
  117  8:40  Marine  
  110  8:44  Marine  
  110  8:45  SCV x2  
  110  8:47  Marauder  
  114  8:48  Marauder  
  114  8:57  SCV  
  114  8:58  Marine  
  114  9:00  SCV  
  114  9:01  Orbital Command, Marine  
  115  9:08  Marauder, Barracks Tech Lab  
  115  9:09  Barracks Reactor  
  120  9:10  SCV, Marauder  
  120  9:12  Siege Tank  
  120  9:16  Viking, Marine  
  126  9:17  Viking  
  126  9:19  Marine  
  126  9:21  Missile Turret  
  126  9:22  SCV  
  126  9:23  SCV  
  131  9:30  SCV  
  131  9:31  Marine x2  
Show
View Real Time Build Order
Export as new Build Order

Krystianer Protoss 

Build Orders: 1 Gate Expand, Colossus Rush 

Get SALT Encoding   

  12  0:00  Probe  
  13  0:12  Probe  
  14  0:16  Pylon  
  14  0:24  Probe (Chrono Boost)  
  16  0:36  Probe (Chrono Boost), Gateway  
  16  0:42  Probe (Chrono Boost)  
  16  0:45  Assimilator  
  17  0:50  Probe  
  18  1:02  Probe  
  19  1:15  Probe  
  20  1:30  Nexus  
  20  1:35  Cybernetics Core  
  20  1:38  Probe  
  21  1:43  Assimilator  
  21  1:50  Probe  
  21  1:54  Pylon  
  22  2:02  Probe  
  23  2:09  Adept (Chrono Boost)  
  23  2:14  Probe  
  26  2:17  Robotics Facility  
  26  2:19  Warp Gate  
  26  2:27  Probe (Chrono Boost)  
  27  2:32  Stalker  
  29  2:39  Probe (Chrono Boost)  
  31  2:44  Probe (Chrono Boost)  
  31  2:48  Probe (Chrono Boost)  
  33  2:51  Probe (Chrono Boost)  
  33  2:55  Probe (Chrono Boost)  
  33  2:56  Probe (Chrono Boost)  
  35  3:05  Probe, Stalker (Chrono Boost)  
  36  3:10  Probe  
  36  3:12  Gateway  
  39  3:16  Robotics Bay  
  39  3:21  Pylon  
  39  3:22  Probe  
  39  3:24  Probe  
  41  3:32  Gateway  
  41  3:34  Probe  
  42  3:43  Warp Prism  
  43  3:49  Gateway  
  43  3:51  Probe  
  44  4:00  Probe  
  40  4:03  Probe  
  41  4:16  Probe  
  37  4:17  Colossus (Chrono Boost)  
  37  4:18  Probe  
  44  4:25  Gravitic Drive (Chrono Boost)  
  46  4:31  Probe (Chrono Boost)  
  46  4:33  Probe (Chrono Boost)  
  46  4:40  Probe (Chrono Boost)  
  46  4:42  Probe (Chrono Boost)  
  46  4:43  Pylon  
  48  4:45  Probe  
  48  4:52  Probe  
  50  4:58  Probe  
  51  5:04  Probe, Observer  
  53  5:10  Probe, Nexus  
  53  5:12  Assimilator  
  54  5:16  Probe  
  55  5:22  Twilight Council  
  55  5:25  Forge  
  55  5:27  Probe, Pylon  
  56  5:29  Probe  
  57  5:39  Probe (Chrono Boost)  
  59  5:45  Probe (Chrono Boost), Gateway  
  59  5:46  Gateway  
  59  5:47  Protoss Ground Armor Level 1 (Chrono Boost)  
  59  5:51  Probe (Chrono Boost)  
  61  5:57  Probe x2 (Chrono Boost), Charge (Chrono Boost)  
  62  6:06  Probe  
  62  6:10  Probe  
  64  6:16  Stalker x3  
  70  6:21  Probe, Immortal (Chrono Boost)  
  70  6:22  Shield Battery  
  75  6:36  Gateway  
  75  6:38  Probe  
  76  6:41  Observer  
  76  6:45  Templar Archives  
  76  6:50  Probe  
  76  6:51  Probe, Pylon  
  76  6:52  Zealot x2  
  82  6:56  Pylon  
  82  6:58  Pylon  
  82  7:00  Gateway  
  82  7:01  Probe  
  82  7:03  Gateway  
  82  7:05  Probe x2  
  85  7:11  Sentry  
  85  7:14  Pylon  
  88  7:16  Zealot x2  
  88  7:19  Probe  
  88  7:20  Probe  
  94  7:27  Zealot x2  
  97  7:32  Pylon  
  97  7:35  Pylon  
  95  7:40  Zealot x4  
  95  7:43  Shield Battery  
  101  7:47  Protoss Ground Weapons Level 1 (Chrono Boost)  
  101  7:48  Zealot x2  
  101  7:50  Immortal (Chrono Boost)  
  107  7:59  Zealot x2  
  107  8:03  Zealot x3  
  99  8:07  Zealot  
  99  8:09  Zealot x2  
  75  8:21  Zealot x2  
  75  8:24  Zealot x3  
  79  8:31  Zealot  
  79  8:33  Immortal (Chrono Boost), Zealot x2  
  85  8:39  Probe  
  75  8:42  Zealot x2  
  75  8:44  Zealot x3  
  75  8:54  Zealot x2  
  75  8:55  Zealot  
  61  9:03  High Templar x2  
  61  9:05  High Templar x3  
  61  9:09  Archon x2  
  70  9:15  Zealot x2, High Templar  
  76  9:19  Archon  
  68  9:39  Nexus  
Tags
 
Add a new tag
Caveats
  • Supply blocks, unpowered buildings, or Contaminate may cause inaccurate times.
  • Supply counts are checked every 10 seconds.